 Dungeon Crawl Stone Soup version 0.31-a0-187-gba352fbbf7 (webtiles) character file.

Game seed: 10058849941721051372

78 qw the Shooter (level 4, 0/25 HPs)
             Began as a Deep Elf Hunter on June 22, 2023.
             Slain by a black bear (4 damage)
             ... on level 3 of the Dungeon.
             The game lasted 00:00:33 (1339 turns).

qw the Shooter (Deep Elf Hunter)                    Turns: 1339, Time: 00:00:33

Health: 0/25       AC:  7    Str: 10    XL:     4   Next: 15%
Magic:  0/6        EV: 11    Int: 14    God:
Gold:   136        SH:  0    Dex: 18    Spells: 3/3 levels left

rFire   . . .        Y - +0 shortbow
rCold   . . .        (shield currently unavailable)
rNeg    . . .        g - +0 ring mail
rPois   .            f - +1 helmet
rElec   .            (no cloak)
rCorr   .            (no gloves)
SInv    .            (no boots)
Will    .....        d - amulet of guardian spirit
Stlth   +            (no ring)
HPRegen 0.24/turn    (no ring)
MPRegen 0.10/turn

%: guardian spirit
@: no status effects
A: no striking features
a: no special abilities


You were on level 3 of the Dungeon.
You visited 1 branch of the dungeon, and saw 3 of its levels.

You collected 136 gold pieces.


   Skills:
 - Level 1.5 Fighting
 + Level 7.6 Ranged Weapons
 - Level 2.4 Dodging
 - Level 1.2 Stealth


You had 3 spell levels left.
You didn't know any spells.
Your spell library was empty.

Inventory:

Hand Weapons
 Y - a +0 shortbow (weapon)
Armour
 f - a +1 helmet (worn)
 g - a +0 ring mail (worn)
Jewellery
 d - an amulet of guardian spirit (around neck)
Potions
 a - a potion of brilliance {unknown}
 b - a potion of degeneration {unknown}
 e - a potion of curing {unknown}

Dungeon Overview and Level Annotations

Branches:
Dungeon (3/15)

Altars:

Shops:
D:1 (


Message History

A black bear comes into view.
The black bear growls angrily.
You shoot an arrow. The arrow barely misses the black bear.
You shoot an arrow. The arrow barely misses the black bear.
The black bear bites you.
The black bear claws you but does no damage.
The black bear claws you.
You shoot an arrow. The arrow hits the black bear!
The black bear is moderately wounded.
The black bear bites you.
The black bear claws you but does no damage.
The black bear claws you.
You shoot an arrow.
The arrow closely misses the black bear.
The black bear bites you. The black bear closely misses you.
The black bear claws you.
You shoot an arrow. The arrow barely misses the black bear.
The black bear bites you. The black bear claws you.
The black bear claws you but does no damage.
The black bear barely misses you. The black bear closely misses you. x2
You shoot an arrow. The arrow hits the black bear.
The black bear is moderately wounded.
The black bear bites you but does no damage.
The black bear misses you. The black bear claws you.
You shoot an arrow. The arrow hits the black bear.
The black bear is heavily wounded.
The black bear bites you.
The black bear claws you but does no damage. x2
You shoot an arrow.
The arrow hits the black bear but does no damage.
The black bear is heavily wounded.
The black bear bites you but does no damage.
The black bear closely misses you. The black bear misses you.
You shoot an arrow. The arrow hits the black bear.
The black bear is severely wounded.
The black bear goes berserk!
You shoot an arrow. The arrow hits the black bear!
The black bear is almost dead.
The black bear bites you. The black bear claws you. x2
You die...

######## #......#
#.####.# #######.#
#.# #....<#.# #.#
#.##....####.######
+....+..%>...@.#
#....####.####h#
.).........# .#
###....###..# .#
#....# #..# .#
###### #..# .# #..#
.# #..# .#


You could see a black bear (berserk).

Vanquished Creatures
  2 adders (D:2)
  2 worms
  A dart slug (D:2)
  2 endoplasms
  6 giant cockroaches
  6 goblins (D:2)
  4 hobgoblins (D:1)
  3 jackals (D:1)
  3 quokkas
  6 ball pythons
  3 bats
  A frilled lizard (D:2)
  3 kobolds
  6 rats
48 creatures vanquished.

Notes
Turn   | Place    | Note
-------+----------+-------------------------------------------
     0 | D:1      | qw the Deep Elf Hunter began the quest for the Orb.
     0 | D:1      | Reached XP level 1. HP: 12/12 MP: 3/3
     0 | D:1      | 0 ||| qw: Version: 0.3-a-9-g12657ce
     0 | D:1      | 0 ||| qw: Game counter: 2540
     0 | D:1      | 0 ||| qw: Always use a shield: true
     0 | D:1      | 0 ||| qw: God list: Okawaru
     0 | D:1      | 0 ||| qw: Allow faded altars: false
     0 | D:1      | 0 ||| qw: Do Orc after D:15 true
     0 | D:1      | 0 ||| qw: Do second Lair branch before Depths: true
     0 | D:1      | 0 ||| qw: Lair rune preference: random
     0 | D:1      | 0 ||| qw: Plans: Normal
     0 | D:1      | 0 ||| PLANNING D:1-11
   119 | D:1      | Found Liat's Weapon Boutique.
   185 | D:1      | Reached XP level 2. HP: 16/16 MP: 4/4
   191 | D:1      | Reached skill level 6 in Ranged Weapons
   556 | D:1      | Reached XP level 3. HP: 13/20 MP: 5/5
   749 | D:1      | 749 ||| UPGRADING to +1 helmet.
   754 | D:1      | 754 ||| UPGRADING to amulet of guardian spirit.
   759 | D:1      | 759 ||| READING scroll labelled BUONESK HIHE.
   760 | D:1      | 760 ||| DROPPING scroll of butterflies.
   943 | D:2      | Reached skill level 7 in Ranged Weapons
  1061 | D:2      | Reached XP level 4. HP: 15/25 MP: 6/6
  1131 | D:2      | Found a faded altar of an unknown god.
  1270 | D:2      | 1270 ||| UPGRADING to +0 ring mail.
  1280 | D:2      | 1280 ||| DROPPING +0 leather armour.
  1329 | D:3      | Noticed a black bear
  1339 | D:3      | HP: 5/25 [black bear (4)]
  1339 | D:3      | Slain by a black bear

Levels and vault maps discovered:
D:1:      dpeg_arrival_prison, layout_loops_cross, serial_shops, shop
D:2:      layout_rooms, hellmonk_ecumenical_altar_leap_of_faith
D:3:      layout_basic, mainiacjoe_overflow_brackets, lemuel_round_altar,
          serial_shops, shop, ebering_ghost_disaster_area

Skill      XL: |  1  2  3 |
---------------+----------+-----
Ranged Weapons | 6 7 |  7.6
Fighting       | |  1.5
Dodging        | |  2.4
Stealth        | |  1.2

Action                     |  1- 3 |  4- 6 || total
---------------------------+-------+-------++-------
   Fire: Shortbow          |   117 |    23 ||   140
    Use: Scroll            |     1 |       ||     1
 Armour: Leather armour    |    16 |       ||    16
         Ring mail         |       |     9 ||     9
  Dodge: Dodged            |    32 |    10 ||    42

Table legend:
 A = Non-vault XP
 B = Vault XP
 C = Vault XP percentage of total XP
 D = Non-vault monster count
 E = Vault monster count
 F = Vault count percentage of total count
                 A         B        C        D         E       F
            +---------+---------+-------+---------+---------+-------
      Total |     108 |       4 |   3.6 |      46 |       2 |   4.2
            +---------+---------+-------+---------+---------+-------
        D:1 |      37 |       4 |   9.8 |      23 |       2 |   8.0
        D:2 |      64 |       0 |   0.0 |      21 |       0 |   0.0
        D:3 |       7 |       0 |   0.0 |       2 |       0 |   0.0
            +---------+---------+-------+---------+---------+-------
